[Event "*** SCC Grand Prix: Titled Tuesday Blitz"]
[Site "Chess.com"]
[Date "2020.10.06"]
[Round "4"]
[White "TudorAnton"]
[Black "hurricane7791"]
[Result "0-1"]
[WhiteElo "2499"]
[BlackElo "2713"]
[TimeControl "180+1"]
[EndTime "10:32:50 PDT"]
[Termination "hurricane7791 won by resignation"]

1. d4 Nf6 2. Nf3 e6 3. g3 c5 4. Bg2 cxd4 5. Nxd4 d5 6. O-O e5 7. Nb3 Be6 8. Bg5 Nbd7 9. Nc3 Be7 10. e4 d4 11. Na4 b5 12. Bxf6 gxf6 0-1

[Event "*** SCC Grand Prix: Titled Tuesday Blitz"]
[Site "Chess.com"]
[Date "2020.10.06"]
[Round "4"]
[White "catzapto"]
[Black "Tsyhanchuk_Stanislav"]
[Result "0-1"]
[WhiteElo "2143"]
[BlackElo "2402"]
[TimeControl "180+1"]
[EndTime "10:33:37 PDT"]
[Termination "Tsyhanchuk_Stanislav won by resignation"]

1. e4 c5 2. Nf3 Nc6 3. c3 Nf6 4. e5 Nd5 5. d4 cxd4 6. cxd4 d6 7. Nc3 e6 8. Bc4 Nxc3 9. bxc3 dxe5 10. dxe5 Qxd1+ 11. Kxd1 Be7 12. Bb5 Bd7 13. Bf4 Nxe5 14. Bxe5 Bxb5 15. Bxg7 Rg8 16. Nd4 Ba4+ 17. Kd2 Rxg7 18.
g3 O-O-O 0-1

[Event "*** SCC Grand Prix: Titled Tuesday Blitz"]
[Site "Chess.com"]
[Date "2020.10.06"]
[Round "4"]
[White "guillembaches"]
[Black "rugbyclub"]
[Result "1-0"]
[WhiteElo "2412"]
[BlackElo "2171"]
[TimeControl "180+1"]
[EndTime "10:33:38 PDT"]
[Termination "guillembaches won by resignation"]

1. e4 e5 2. Nf3 Nc6 3. Nc3 Nf6 4. d4 exd4 5. Nxd4 Bb4 6. Nxc6 bxc6 7. Bd3 d5 8. Bd2 O-O 9. O-O h6 10. Nxd5 Nxd5 11.
exd5 Bxd2 12. Qxd2 cxd5 13. b4 Be6 14. Qf4 Qe7 15.
Rfe1 Rab8 16. Rab1 c5 17. bxc5 Qxc5 18. Rxb8 1-0

[Event "*** SCC Grand Prix: Titled Tuesday Blitz"]
[Site "Chess.com"]
[Date "2020.10.06"]
[Round "4"]
[White "Harsha_Bharathakoti"]
[Black "Msb2"]
[Result "0-1"]
[WhiteElo "2755"]
[BlackElo "2916"]
[TimeControl "180+1"]
[EndTime "10:33:50 PDT"]
[Termination "Msb2 won by resignation"]

1. c4 e5 2. g3 c6 3. Nf3 e4 4. Nd4 d5 5. cxd5 Qxd5 6. Nc2 Nf6 7. Nc3 Qe5 8. d3 exd3 9. Qxd3 Bc5 10. Bf4 Qe7 11. Bg2 O-O 12. O-O Rd8 13. Qf3 Bg4 0-1

[Event "*** SCC Grand Prix: Titled Tuesday Blitz"]
[Site "Chess.com"]
[Date "2020.10.06"]
[Round "4"]
[White "BikingBrian"]
[Black "kakakz"]
[Result "1-0"]
[WhiteElo "2213"]
[BlackElo "2382"]
[TimeControl "180+1"]
[EndTime "10:33:59 PDT"]
[Termination "BikingBrian won by resignation"]

1. d4 Nf6 2. Bg5 e6 3. Nd2 h6 4. Bh4 d5 5. e3 Be7 6. Bd3 b6 7. f4 Ba6 8. Bxa6 Nxa6 9. Ngf3 c5 10. Ne5 Rc8 11. c3 O-O 12. O-O b5 13. Qe2 Qb6 14.
Bxf6 Bxf6 15. Nd7 Qb7 16. Nxf6+ gxf6 17. Qh5 Kh7 18. Rf3 f5 19. Rh3 1-0

[Event "*** SCC Grand Prix: Titled Tuesday Blitz"]
[Site "Chess.com"]
[Date "2020.10.06"]
[Round "4"]
[White "renehp"]
[Black "BJthechessgod"]
[Result "1-0"]
[WhiteElo "2471"]
[BlackElo "2298"]
[TimeControl "180+1"]
[EndTime "10:34:14 PDT"]
[Termination "renehp won by resignation"]

1. e4 c5 2. Nf3 Nc6 3. d4 cxd4 4. Nxd4 g6 5. Nc3 Bg7 6. Be3 Nf6 7. Bc4 O-O 8. Bb3 d6 9. f3 Bd7 10. Qd2 Nxd4 11.
Bxd4 b5 12. Nd5 Nxd5 13. Bxg7 Kxg7 14. exd5 a5 15. a3 Re8 16. O-O-O Qc7 17. Kb1 b4 18. a4 Rec8 19. h4 h5 20. g4 hxg4 21. h5 Rh8 22. fxg4 Bxg4 23. Qd4+ e5 24. dxe6+ f6 25. Qxg4 g5 26. h6+ Rxh6 27. Rxh6 Kxh6 28.
Rh1+ Kg7 29. Qh5 f5 1-0

[Event "*** SCC Grand Prix: Titled Tuesday Blitz"]
[Site "Chess.com"]
[Date "2020.10.06"]
[Round "4"]
[White "FMalexhdez"]
[Black "dopolian"]
[Result "1-0"]
[WhiteElo "2280"]
[BlackElo "2431"]
[TimeControl "180+1"]
[EndTime "10:34:22 PDT"]
[Termination "FMalexhdez won by resignation"]

1. e4 b6 2. d4 Bb7 3. Bd3 e6 4. c3 Nf6 5. Nd2 d5 6. e5 Nfd7 7. f4 c5 8. Ne2 Be7 9. Nf3 f5 10. exf6 Nxf6 11. O-O O-O 12. Ng3 Nbd7 13. Qe2 Re8 14. Qxe6+ Kh8 15. Ng5 1-0

[Event "*** SCC Grand Prix: Titled Tuesday Blitz"]
[Site "Chess.com"]
[Date "2020.10.06"]
[Round "4"]
[White "Deepweb2020"]
[Black "canary2016"]
[Result "1-0"]
[WhiteElo "2235"]
[BlackElo "1908"]
[TimeControl "180+1"]
[EndTime "10:34:43 PDT"]
[Termination "Deepweb2020 won by checkmate"]

1. d4 d5 2. c4 c6 3. cxd5 cxd5 4. Nc3 Nf6 5. Bf4 Nc6 6. e3 Bf5 7. Bd3 Bxd3 8. Qxd3 e6 9. Nf3 Bd6 10. Bxd6 Qxd6 11.
O-O O-O 12. a3 Rac8 13. b4 Rc7 14. Nb5 Qd7 15. Nxc7 Qxc7 16. Rfc1 Rc8 17. b5 Ne4 18. bxc6 bxc6 19. Ne5 Qb6 20. Rab1 Qa5 21. Nxc6 Rxc6 22. Rb8+ Rc8 23. Rcxc8+ Qd8 24. Rxd8# 1-0

[Event "*** SCC Grand Prix: Titled Tuesday Blitz"]
[Site "Chess.com"]
[Date "2020.10.06"]
[Round "4"]
[White "Evandro_Barbosa"]
[Black "ferch1ni"]
[Result "1-0"]
[WhiteElo "2605"]
[BlackElo "2365"]
[TimeControl "180+1"]
[EndTime "10:34:44 PDT"]
[Termination "Evandro_Barbosa won by resignation"]

1. e4 c5 2. Nf3 Nc6 3. d4 cxd4 4.
Nxd4 Nf6 5. Nc3 e6 6. Ndb5 d6 7. Bf4 e5 8. Bg5 a6 9. Na3 b5 10. Nd5 Be7 11. Bxf6 Bxf6 12. c3 O-O 13. Nc2 Bg5 14. a4 Rb8 15. axb5 axb5 16. Ncb4 Nxb4 17. Nxb4 Be6 18. Nc6 Qb6 19. Nxb8 Rxb8 20. Be2 f5 21. exf5 Bxf5 22. O-O Be6 23. Bf3 Qc5 24. Ra6 Rb6 25.
Rxb6 Qxb6 26. Bd5 Bxd5 27. Qxd5+ Kf8 28. Ra1 g6 29. Ra8+ Kg7 30. Qg8+ Kh6 31. Qf8+ Kh5 32. Qg7 b4 33. Qxh7+ Bh6 34. Rh8 bxc3 35. Qxh6+ Kg4 36. Qh3+ Kg5 37. Qxc3 e4 38. Qe3+ Kf5 39. Qxb6 d5 40. Qd4 1-0

[Event "*** SCC Grand Prix: Titled Tuesday Blitz"]
[Site "Chess.com"]
[Date "2020.10.06"]
[Round "4"]
[White "LedakovAlexandr"]
[Black "Ze-Pequeno"]
[Result "1-0"]
[WhiteElo "2445"]
[BlackElo "2259"]
[TimeControl "180+1"]
[EndTime "10:34:59 PDT"]
[Termination "LedakovAlexandr won by resignation"]

1. d4 Nf6 2. Nf3 d5 3. c4 e6 4. g3 Bb4+ 5. Bd2 Be7 6. Bg2 O-O 7. O-O c6 8. Bf4 Nbd7 9. Nbd2 b6 10. cxd5 cxd5 11.
Qa4 Nh5 12. Be5 f6 13. Qc6 Nxe5 14. Qxa8 1-0

[Event "*** SCC Grand Prix: Titled Tuesday Blitz"]
[Site "Chess.com"]
[Date "2020.10.06"]
[Round "4"]
[White "Cocaino74"]
[Black "Swarnapuri"]
[Result "0-1"]
[WhiteElo "2380"]
[BlackElo "2614"]
[TimeControl "180+1"]
[EndTime "10:35:08 PDT"]
[Termination "Swarnapuri won by resignation"]

1. e4 Nc6 2. d4 e5 3. d5 Nce7 4. c4 Ng6 5. Nc3 Bc5 6. Nf3 Nf6 7. Bd3 d6 8. h4 Ng4 9. Be3 Nxe3 10. fxe3 Bxe3 11. h5 Nf4 12. Bf1 Bg4 13. g3 Nxh5 0-1

[Event "*** SCC Grand Prix: Titled Tuesday Blitz"]
[Site "Chess.com"]
[Date "2020.10.06"]
[Round "4"]
[White "BanjoKazooieN64"]
[Black "maxsergej"]
[Result "1/2-1/2"]
[WhiteElo "2478"]
[BlackElo "2129"]
[TimeControl "180+1"]
[EndTime "10:35:11 PDT"]
[Termination "Game drawn by agreement"]

1. e4 c5 2. Nf3 Nc6 3. c3 Nf6 4. e5 Nd5 5. Bc4 Nb6 6. Be2 d6 7. exd6 Qxd6 8. O-O g6 9. d4 cxd4 10. cxd4 Bg7 11. Nc3 Nxd4 12. Nxd4 Qxd4 13. Qxd4 Bxd4 14.
Nb5 Be5 15. Bh6 a6 16. Nc3 Be6 17. Bf3 Rb8 18. Rfe1 Bf6 19. Ne4 Nc4 20. Nxf6+ exf6 21. Bd5 Ne5 22. Bxe6 fxe6 23. Bf4 Rc8 24. Bxe5 fxe5 25. Rxe5 Kf7 26. Rae1 Rc6 1/2-1/2

[Event "*** SCC Grand Prix: Titled Tuesday Blitz"]
[Site "Chess.com"]
[Date "2020.10.06"]
[Round "4"]
[White "kingnb"]
[Black "PowerThinking2650"]
[Result "1/2-1/2"]
[WhiteElo "2628"]
[BlackElo "2378"]
[TimeControl "180+1"]
[EndTime "10:35:11 PDT"]
[Termination "Game drawn by agreement"]

1. d4 Nf6 2. Nf3 g6 3. Bg5 Bg7 4. Nbd2 d5 5. Bxf6 exf6 6. e3 O-O 7. c4 dxc4 8. Bxc4 f5 9. O-O c5 10. Nb3 cxd4 11. Nbxd4 Nd7 12. Rc1 Ne5 13. Be2 Bd7 14.
Qb3 Qb6 15. Qxb6 axb6 16. a3 Rac8 17. Rfd1 Rxc1 18. Rxc1 Rc8 19. Rxc8+ Bxc8 20. Nxe5 Bxe5 21. Bf3 f4 22. Kf1 fxe3 23. fxe3 Bxh2 24. Ke2 Kf8 25. Nb5 Ke7 26. Na7 Kd8 27. Nxc8 Kxc8 28. Bd5 f6 1/2-1/2

[Event "*** SCC Grand Prix: Titled Tuesday Blitz"]
[Site "Chess.com"]
[Date "2020.10.06"]
[Round "4"]
[White "NotFischer"]
[Black "ChainsOfFantasia"]
[Result "0-1"]
[WhiteElo "2276"]
[BlackElo "2459"]
[TimeControl "180+1"]
[EndTime "10:35:16 PDT"]
[Termination "ChainsOfFantasia won by resignation"]

1. e4 c5 2. Nc3 Nc6 3. g3 g6 4. Bg2 Bg7 5. d3 e6 6. Nge2 Nge7 7. Be3 d5 8. Bxc5 d4 9. Nb1 Qa5+ 10. b4 Nxb4 11.
Bxb4 Qxb4+ 12. Nd2 O-O 13. O-O Bd7 14. Rb1 Qa5 15. Rxb7 Rfd8 16. Nb3 Qa4 17. Qd2 Rac8 18. Rb4 Qxa2 19. Ra1 Qxc2 20. Rxa7 Qxd2 21. Nxd2 Nc6 22. Rxd7 Nxb4 23. Rxd8+ Rxd8 24. Nc1 Rc8 25. Ncb3 Rc3 0-1

[Event "*** SCC Grand Prix: Titled Tuesday Blitz"]
[Site "Chess.com"]
[Date "2020.10.06"]
[Round "4"]
[White "Konavets"]
[Black "PavelShkapenko"]
[Result "1/2-1/2"]
[WhiteElo "2996"]
[BlackElo "2721"]
[TimeControl "180+1"]
[EndTime "10:35:35 PDT"]
[Termination "Game drawn by repetition"]

1. e4 e5 2. Nf3 Nc6 3. d4 exd4 4.
Nxd4 Bc5 5. Nb3 Bb6 6. Nc3 Nge7 7. Qe2 O-O 8. Be3 d6 9. O-O-O f5 10. f3 f4 11. Bd2 Be6 12. Kb1 Kh8 13. Qe1 Qe8 14. h4 Qf7 15. h5 h6 16. Be2 Ne5 17. g3 fxg3 18. Qxg3 Nxf3 19. Bc1 Ne5 20. Rdf1 Qg8 21. Qh4 N7c6 22. Nd5 Bxd5 23. exd5 Qxd5 24. Rd1 Qg2 25. Rh2 Nf3 26. Bxf3 Qxf3 27. Rd3 Qf6 28. Qh3 Qf5 29. Qh4 Qf6 30. Qh3 Qf5 31. Qh4 Qf6 1/2-1/2

[Event "*** SCC Grand Prix: Titled Tuesday Blitz"]
[Site "Chess.com"]
[Date "2020.10.06"]
[Round "4"]
[White "Philosopherrr"]
[Black "akanga001"]
[Result "1-0"]
[WhiteElo "2479"]
[BlackElo "1880"]
[TimeControl "180+1"]
[EndTime "10:35:35 PDT"]
[Termination "Philosopherrr won by resignation"]

1. d4 d5 2. Nf3 e6 3. c4 Nf6 4. Nc3 Be7 5. cxd5 exd5 6. Bg5 O-O 7. e3 Nbd7 8. Qc2 b6 9. Bd3 Bb7 10. O-O Rc8 11. Ne5 c5 12. Nxd7 Qxd7 13. Bxf6 Bxf6 14.
Bxh7+ Kh8 15. Bf5 Qe7 16. Qd1 g6 17. Bxc8 Rxc8 18. dxc5 Rxc5 19. Rc1 Kg7 20. Ne2 Bxb2 21. Rxc5 bxc5 22. Nf4 Qe4 23. Qb3 d4 24. Qxb2 g5 25. exd4 gxf4 26. d5+ Kg8 27. Qxb7 f3 28. Qb8+ Kh7 29.
Qg3 fxg2 30. Qxg2 Qc2 31. d6 Qd2 32. Qh3+ Kg7 33. Qg4+ Kf6 34. Rd1 Qxa2 35. d7 Qe6 36. d8=Q+ 1-0

[Event "*** SCC Grand Prix: Titled Tuesday Blitz"]
[Site "Chess.com"]
[Date "2020.10.06"]
[Round "4"]
[White "As0nchess"]
[Black "GoltsevDmitry2000"]
[Result "0-1"]
[WhiteElo "2503"]
[BlackElo "2716"]
[TimeControl "180+1"]
[EndTime "10:35:41 PDT"]
[Termination "GoltsevDmitry2000 won by resignation"]

1. e4 c5 2. Nf3 e6 3. d4 cxd4 4. Nxd4 a6 5. c4 Qc7 6. Nc3 Nf6 7. Be2 Nc6 8. Be3 Bb4 9. f3 d5 10. Nxc6 bxc6 11. cxd5 exd5 12. Qa4 Rb8 13. O-O O-O 14.
exd5 cxd5 15. Bd4 Bc5 16. Kh1 Rb4 17. Bxc5 Rxa4 18. Nxa4 Re8 19. Bd1 Bd7 20. Bd4 Qc4 21. Bb3 Qxd4 0-1

[Event "*** SCC Grand Prix: Titled Tuesday Blitz"]
[Site "Chess.com"]
[Date "2020.10.06"]
[Round "4"]
[White "tdf98pantani"]
[Black "MashaFromRussia"]
[Result "1-0"]
[WhiteElo "2718"]
[BlackElo "2406"]
[TimeControl "180+1"]
[EndTime "10:35:41 PDT"]
[Termination "tdf98pantani won by resignation"]

1. e4 c5 2. Nf3 Nc6 3. d4 cxd4 4. Nxd4 Nf6 5. Nc3 e5 6. Nde2 Bb4 7. a3 Ba5 8. Bd2 O-O 9. Ng3 Nd4 10. Bd3 d5 11. O-O Bg4 12. f3 Be6 13. Kh1 Rc8 14. Qe1 dxe4 15. fxe4 Bb6 16. Bg5 Bg4 17. Nd5 Rc6 18.
h3 Bd7 19. Nh5 1-0

[Event "*** SCC Grand Prix: Titled Tuesday Blitz"]
[Site "Chess.com"]
[Date "2020.10.06"]
[Round "4"]
[White "nrvisakh"]
[Black "26andrej26"]
[Result "0-1"]
[WhiteElo "2766"]
[BlackElo "2545"]
[TimeControl "180+1"]
[EndTime "10:35:54 PDT"]
[Termination "26andrej26 won by resignation"]

1. e4 c5 2. Nf3 d6 3. d4 cxd4 4. Nxd4 Nf6 5. f3 e5 6. Nb3 d5 7. Bg5 d4 8. c3 Nc6 9. Bb5 Qb6 10. Bxc6+ bxc6 11. cxd4 Ba6 12. Be3 Rd8 13. Nc3 exd4 14. Nxd4 Bc5 15. Nd5 cxd5 16. Qa4+ Nd7 17. O-O-O O-O 18.
Kb1 dxe4 19. fxe4 Nf6 20. Ka1 Ng4 21. Bg1 Rd6 22. h3 Ne5 23. Be3 Nc4 0-1

[Event "*** SCC Grand Prix: Titled Tuesday Blitz"]
[Site "Chess.com"]
[Date "2020.10.06"]
[Round "4"]
[White "ENajer77"]
[Black "Caterpiller35"]
[Result "1-0"]
[WhiteElo "2713"]
[BlackElo "2499"]
[TimeControl "180+1"]
[EndTime "10:35:59 PDT"]
[Termination "ENajer77 won by checkmate"]

1. d4 Nf6 2. c4 e6 3. Nc3 Bb4 4.
e3 Ne4 5. Qc2 f5 6. Bd3 O-O 7.
Ne2 b6 8. O-O Nxc3 9. bxc3 Bd6 10. e4 g6 11. e5 Be7 12. Bh6 Rf7 13. d5 d6 14. dxe6 Bxe6 15. Nd4 Qd7 16. exd6 Qxd6 17. c5 bxc5 18. Nxe6 Qxe6 19. Rfe1 Qf6 20. Bc4 Bd6 21.
Re8+ Bf8 22. Rxf8# 1-0

[Event "*** SCC Grand Prix: Titled Tuesday Blitz"]
[Site "Chess.com"]
[Date "2020.10.06"]
[Round "4"]
[White "ChessSkool"]
[Black "markberk"]
[Result "1-0"]
[WhiteElo "2678"]
[BlackElo "2395"]
[TimeControl "180+1"]
[EndTime "10:36:07 PDT"]
[Termination "ChessSkool won by resignation"]

1. Nf3 Nf6 2. c4 e6 3. g3 d5 4. Bg2 dxc4 5. Qa4+ Nbd7 6. Qxc4 c5 7. d3 Be7 8. O-O O-O 9. a4 Nb6 10. Qb3 Qd5 11. Qc2 Qh5 12. a5 Nbd5 13. Na3 e5 14. Nc4 Bh3 15. Nfxe5 Bxg2 16. Kxg2 Rfe8 17. h3 Qf5 18. e4 Qe6 19. exd5 Qxd5+ 20. Nf3 1-0

[Event "*** SCC Grand Prix: Titled Tuesday Blitz"]
[Site "Chess.com"]
[Date "2020.10.06"]
[Round "4"]
[White "seorobert1971"]
[Black "juancruzarias"]
[Result "1-0"]
[WhiteElo "2706"]
[BlackElo "2490"]
[TimeControl "180+1"]
[EndTime "10:36:12 PDT"]
[Termination "seorobert1971 won by resignation"]

1. c4 Nf6 2. Nc3 c5 3. Nf3 b6 4. e3 Bb7 5. d4 e6 6. d5 exd5 7. cxd5 g6 8. e4 d6 9. Nd2 Bg7 10. Bb5+ Kf8 11. Be2 a6 12. a4 h5 13. O-O h4 14. Nc4 Qe7 15. Bf4 Ne8 16. Nxb6 Ra7 17.
Re1 g5 18. Bd2 h3 19. g3 Nd7 20. Nxd7+ Qxd7 21. Bg4 Qe7 22. Rb1 Nf6 23. Bxg5 Qc7 24. Bf5 Bc8 25. Qf3 Nd7 26. Bxd7 Bxd7 27. Bf6 Rb7 28. Qf4 Bxf6 29. Qxf6 Rg8 30. e5 dxe5 31. Rxe5 Bg4 32. Rbe1 Bd7 33. Qh6+ Rg7 34. Rg5 1-0

[Event "*** SCC Grand Prix: Titled Tuesday Blitz"]
[Site "Chess.com"]
[Date "2020.10.06"]
[Round "4"]
[White "MiroVlasenko"]
[Black "Parhamov"]
[Result "0-1"]
[WhiteElo "2795"]
[BlackElo "2973"]
[TimeControl "180+1"]
[EndTime "10:36:18 PDT"]
[Termination "Parhamov won by resignation"]

1. d4 Nf6 2. Bg5 c5 3. Bxf6 gxf6 4. d5 e6 5. c4 f5 6. Nc3 Bg7 7. Qc2 Qb6 8. e3 Na6 9. a3 Nc7 10. Bd3 d6 11. Nge2 Bd7 12. Nf4 O-O-O 13. O-O Rhg8 14. Rab1 e5 15. Nh5 e4 16. Be2 Be5 17. b4 Kb8 18.
Rb3 Na6 19. Rfb1 cxb4 20. axb4 Rc8 21. c5 Qd8 22. c6 Be8 23. cxb7 Kxb7 24. Ra1 Nb8 25.
Rba3 Qb6 26. Rxa7+ Qxa7 27. Rxa7+ Kxa7 28. Qa2+ Kb7 29. Nb5 Rc1+ 0-1

[Event "*** SCC Grand Prix: Titled Tuesday Blitz"]
[Site "Chess.com"]
[Date "2020.10.06"]
[Round "4"]
[White "vanyakuba"]
[Black "Revnov"]
[Result "0-1"]
[WhiteElo "2487"]
[BlackElo "2697"]
[TimeControl "180+1"]
[EndTime "10:36:18 PDT"]
[Termination "Revnov won by resignation"]

1. e4 c5 2. Nc3 Nc6 3. f4 e6 4.
Nf3 a6 5. d4 d5 6. dxc5 Bxc5 7.
exd5 exd5 8. Qxd5 Qe7+ 9. Qe4 Be6 10. Be3 Nf6 11. Bxc5 Qxc5 12. Qe2 O-O-O 13. Ne5 Rhe8 14. Qf2 Qb4 15. Nd3 Bc4+ 16. Be2 Bxd3 17. cxd3 Qxb2 18.
O-O Qxc3 19. Kh1 Qd4 20. Qh4 Rxe2 0-1

[Event "*** SCC Grand Prix: Titled Tuesday Blitz"]
[Site "Chess.com"]
[Date "2020.10.06"]
[Round "4"]
[White "diablanni"]
[Black "Fy_Rakotomaharo"]
[Result "0-1"]
[WhiteElo "2394"]
[BlackElo "2625"]
[TimeControl "180+1"]
[EndTime "10:36:19 PDT"]
[Termination "Fy_Rakotomaharo won by resignation"]

1. e4 e5 2. Nf3 Nc6 3. d4 exd4 4. Nxd4 Bc5 5. Nxc6 Qf6 6. Qf3 dxc6 7. Bc4 Qg6 8. Nd2 Nf6 9. O-O O-O 10. e5 Ng4 11. Qg3 Re8 12. Bd3 Bf5 13. Nf3 Bxd3 14. cxd3 Nxe5 15. Nxe5 Qxg3 16. hxg3 Rxe5 17. Bf4 Re2 18. Rab1 Bb6 0-1

[Event "*** SCC Grand Prix: Titled Tuesday Blitz"]
[Site "Chess.com"]
[Date "2020.10.06"]
[Round "4"]
[White "ferdipy"]
[Black "chessplayer9919"]
[Result "0-1"]
[WhiteElo "2379"]
[BlackElo "2611"]
[TimeControl "180+1"]
[EndTime "10:36:22 PDT"]
[Termination "chessplayer9919 won by resignation"]

1. e4 e5 2. Nf3 Nc6 3. Bc4 Nf6 4. Ng5 d5 5. exd5 Na5 6. Bb5+ Bd7 7. Qe2 Be7 8. Nc3 O-O 9. Nge4 Nxe4 10. Qxe4 f5 11. Qa4 c6 12. dxc6 Nxc6 13. d3 a6 14. Bc4+ Kh8 15.
Bd5 Nd4 16. Qc4 Rc8 0-1

[Event "*** SCC Grand Prix: Titled Tuesday Blitz"]
[Site "Chess.com"]
[Date "2020.10.06"]
[Round "4"]
[White "frederiksvane"]
[Black "Rital44"]
[Result "1-0"]
[WhiteElo "2661"]
[BlackElo "2432"]
[TimeControl "180+1"]
[EndTime "10:36:31 PDT"]
[Termination "frederiksvane won by resignation"]

1. e4 e5 2. Nf3 Nc6 3. Bb5 a6 4. Ba4 d6 5. d4 b5 6. Bb3 Nxd4 7. Nxd4 exd4 8. c3 dxc3 9. Qh5 g6 10. Qd5 Be6 11. Qc6+ Bd7 12. Qd5 Be6 13. Qc6+ Bd7 14. Qxc3 Qf6 15. O-O Bg7 16. Qxc7 Rc8 17. Qa5 Ne7 18.
Nc3 O-O 19. Be3 Bc6 20. Rfd1 Rfd8 21. Bd4 Qxd4 22. Rxd4 Bxd4 23. Rd1 Bc5 24. g3 Bb7 25. Nd5 Nc6 26. Qc3 Ne5 27. Ne7+ Kf8 28. Nxc8 Bxe4 29. Qxe5 1-0

[Event "*** SCC Grand Prix: Titled Tuesday Blitz"]
[Site "Chess.com"]
[Date "2020.10.06"]
[Round "4"]
[White "chessdjw"]
[Black "GM_Levan_Pantsulaia"]
[Result "1-0"]
[WhiteElo "2645"]
[BlackElo "2786"]
[TimeControl "180+1"]
[EndTime "10:36:34 PDT"]
[Termination "chessdjw won by resignation"]

1. c4 c5 2. Nf3 b6 3. e4 Bb7 4.
Nc3 e6 5. d4 cxd4 6. Nxd4 d6 7.
Be2 Nf6 8. f3 a6 9. O-O Be7 10.
Be3 O-O 11. Kh1 Nbd7 12. Qe1 Qc7 13. g4 Rac8 14. g5 Ne8 15. Rd1 Ne5 16. b3 b5 17. f4 b4 18. Nd5 exd5 19. exd5 Nd7 20. Nf5 Nc5 21. Bd4 Bd8 22. Bg4 Rb8 23. Qh4 Bc8 24. Rf3 Bxf5 25. Bxf5 g6 26. Qxh7+ 1-0

[Event "*** SCC Grand Prix: Titled Tuesday Blitz"]
[Site "Chess.com"]
[Date "2020.10.06"]
[Round "4"]
[White "Xeniya2005"]
[Black "shriyanasmallya"]
[Result "1-0"]
[WhiteElo "2384"]
[BlackElo "1625"]
[TimeControl "180+1"]
[EndTime "10:36:35 PDT"]
[Termination "Xeniya2005 won by checkmate"]

1. e4 e5 2. Nf3 Nc6 3. Nc3 Bc5 4. Nxe5 Bxf2+ 5. Kxf2 Nxe5 6. d4 Qh4+ 7. g3 Qf6+ 8.
Kg2 Ng6 9. Bc4 d6 10. Rf1 Qe7 11. Bxf7+ Kd8 12. Qd3 Qd7 13. Bg5+ N8e7 14. Nd5 Qh3+ 15.
Kg1 c6 16. Nxe7 Nxe7 17. e5 d5 18. e6 h6 19. Bxe7+ Kxe7 20. Qa3+ Kd8 21. Qd6+ Bd7 22. Qxd7# 1-0

[Event "*** SCC Grand Prix: Titled Tuesday Blitz"]
[Site "Chess.com"]
[Date "2020.10.06"]
[Round "4"]
[White "Sergienko_Sergey"]
[Black "ThePatrick27"]
[Result "1/2-1/2"]
[WhiteElo "2354"]
[BlackElo "2544"]
[TimeControl "180+1"]
[EndTime "10:36:36 PDT"]
[Termination "Game drawn by repetition"]

1. e4 e5 2. Nf3 Nc6 3. Bb5 a6 4. Ba4 Nf6 5. Bxc6 dxc6 6. d3 Nd7 7. Nbd2 Be7 8. Nc4 f6 9. O-O O-O 10. Nh4 Nc5 11. Nf5 Bxf5 12. exf5 Re8 13. Qf3 Bf8 14. Be3 Qd5 15. Nd2 e4 16. dxe4 Nxe4 17. Nxe4 Qxe4 18.
Qxe4 Rxe4 19. Rfd1 Bd6 20. Rd4 Re5 21. g4 Rae8 22.
Kg2 Kf7 23. Rad1 Re4 24. h3 g6 25.
fxg6+ hxg6 26. Kf3 Rxd4 27. Rxd4 Rh8 28. Kg2 Re8 29. Kf3 Rh8 30. Kg2 Re8 31. Kf3 1/2-1/2

[Event "*** SCC Grand Prix: Titled Tuesday Blitz"]
[Site "Chess.com"]
[Date "2020.10.06"]
[Round "4"]
[White "sergoy"]
[Black "DenisQ"]
[Result "1-0"]
[WhiteElo "2877"]
[BlackElo "2665"]
[TimeControl "180+1"]
[EndTime "10:36:39 PDT"]
[Termination "sergoy won by resignation"]

1. d4 d5 2. c4 c6 3. Nf3 Nf6 4. Nc3 e6 5. Bg5 h6 6. Bh4 Nbd7 7. e3 Be7 8. Bd3 O-O 9. O-O b6 10. cxd5 Nxd5 11. Bg3 Bb7 12. Nxd5 exd5 13. Rc1 Re8 14.
Ne5 Nxe5 15. Bxe5 Bd6 16. Bg3 Rc8 17. Qg4 Bxg3 18. hxg3 Qf6 19. b4 Rc7 20. a4 g6 21.
a5 Rec8 22. Rc2 c5 23. a6 Bc6 24. dxc5 Ba4 25. Rcc1 bxc5 26. Rxc5 1-0

[Event "*** SCC Grand Prix: Titled Tuesday Blitz"]
[Site "Chess.com"]
[Date "2020.10.06"]
[Round "4"]
[White "Kotofeyca"]
[Black "UCantHandleDenker"]
[Result "0-1"]
[WhiteElo "2351"]
[BlackElo "2555"]
[TimeControl "180+1"]
[EndTime "10:36:39 PDT"]
[Termination "UCantHandleDenker won by resignation"]

1. d4 Nf6 2. c4 c5 3. Nf3 g6 4. Nc3 Bg7 5. g3 O-O 6. Bg2 cxd4 7. Nxd4 Nc6 8. O-O d6 9. Nxc6 bxc6 10. Bxc6 Rb8 11.
Qc2 Qa5 12. Bg2 Be6 13. b3 Bf5 14. e4 Nxe4 15. Bxe4 Qxc3 16. Rb1 Qxc2 17. Bxc2 Bxc2 0-1

[Event "*** SCC Grand Prix: Titled Tuesday Blitz"]
[Site "Chess.com"]
[Date "2020.10.06"]
[Round "4"]
[White "Mostii"]
[Black "pavelalexandru07"]
[Result "1-0"]
[WhiteElo "2430"]
[BlackElo "2241"]
[TimeControl "180+1"]
[EndTime "10:36:42 PDT"]
[Termination "Mostii won by resignation"]

1. d4 d5 2. Nf3 Nf6 3. g3 e6 4. Bg2 b5 5. O-O Bd6 6. b3 O-O 7. Nbd2 c5 8. c4 cxd4 9. Nxd4 bxc4 10. bxc4 Bb7 11. Rb1 Qc8 12. Qb3 Ba6 13. cxd5 exd5 14. Bxd5 Nxd5 15. Qxd5 Bc5 16. Qxa8 Bxd4 17. Ba3 Nd7 18.
Qxc8 Rxc8 19. Nb3 Bb6 20. Rbc1 Re8 21. Rfd1 Ne5 22. Rc2 Ng4 23. Bc5 1-0

[Event "*** SCC Grand Prix: Titled Tuesday Blitz"]
[Site "Chess.com"]
[Date "2020.10.06"]
[Round "4"]
[White "Sven_Tica"]
[Black "fireheart92"]
[Result "0-1"]
[WhiteElo "2650"]
[BlackElo "2873"]
[TimeControl "180+1"]
[EndTime "10:36:45 PDT"]
[Termination "fireheart92 won by resignation"]

1. d4 Nf6 2. Nf3 g6 3. Nbd2 d5 4. e3 Bg7 5. b4 a5 6. b5 a4 7. Be2 c5 8. c4 cxd4 9. Nxd4 O-O 10. O-O e5 11. N4f3 d4 12. Nxe5 dxe3 13. Ndf3 exf2+ 14. Rxf2 Ng4 15. Nxg4 Bxg4 16. Qxd8 Rxd8 17. Bg5 Bxa1 18.
Bxd8 Nd7 19. Rf1 Bxf3 20. Bxf3 Bd4+ 21. Kh1 Rxd8 22. Bxb7 Nb6 23. Rc1 Be3 24. Re1 Nxc4 25.
g3 Bb6 26. Re4 Nd6 0-1

[Event "*** SCC Grand Prix: Titled Tuesday Blitz"]
[Site "Chess.com"]
[Date "2020.10.06"]
[Round "4"]
[White "Fandorine"]
[Black "Miss_JJ20"]
[Result "1-0"]
[WhiteElo "2868"]
[BlackElo "2470"]
[TimeControl "180+1"]
[EndTime "10:36:46 PDT"]
[Termination "Fandorine won by resignation"]

1. e4 e6 2. d4 d5 3. exd5 exd5 4. Nf3 Nf6 5. Bd3 Bd6 6. Qe2+ Qe7 7. Qxe7+ Bxe7 8.
O-O O-O 9. Bf4 c6 10. Re1 Re8 11. h3 h6 12. Nbd2 Be6 13. Nb3 Nbd7 14. Na5 Bb4 15. Nxb7 Bxe1 16. Rxe1 Nb6 17. b3 Bc8 18. Rxe8+ Nxe8 19. Na5 Bd7 20. Ne5 Rc8 21. Ba6 Rc7 22. Nd3 Bc8 23.
Bxc7 Bxa6 24. Bxb6 axb6 25. Nxc6 Bxd3 26. cxd3 Nd6 27.
Ne7+ 1-0